 Dungeon Crawl Stone Soup version 0.21.1-1-g345015fe64 (webtiles) character file.

80 Gargoyl the Skirmisher (level 4, 0/38 HPs)
             Began as a Centaur Abyssal Knight on Mar 2, 2018.
             Was a Believer of Lugonu.
             Killed from afar by Natasha (12 damage)
             ... with a wand of flame (19)
             ... on level 2 of the Dungeon.
             The game lasted 00:04:11 (1949 turns).

Gargoyl the Skirmisher (Centaur Abyssal Knight)     Turns: 1949, Time: 00:04:11

Health: 0/38       AC:  7    Str: 15    XL:     4   Next: 18%
Magic:  6/6        EV:  9    Int:  7    God:    Lugonu [**....]
Gold:   120        SH:  0    Dex: 14    Spells: 3/3 levels left

rFire    . . .     SeeInvis .   a - +2 hand axe
rCold    . . .     Gourm    .   (no shield)
rNeg     . . .     Faith    .   e - +3 leather armour of Oczomemm {rCorr Int-4 Dex+5}
rPois    .         Spirit   .   (no helmet)
rElec    .         Reflect  .   (no cloak)
rCorr    +         Harm     .   (no gloves)
MR       .....                  (no barding)
Stlth    +.........             (no amulet)
HPRegen  0.12/turn              (no ring)
MPRegen  0.10/turn              (no ring)

@: lethally poisoned (0 -> -9), very quick
A: large, hooves 3, deformed body, speed 2, tough skin 3
a: Depart the Abyss, Bend Space, Renounce Religion


You were on level 2 of the Dungeon.
You worshipped Lugonu.
Lugonu was pleased with you.
You were not hungry.

You visited 1 branch of the dungeon, and saw 2 of its levels.
You visited the Abyss 1 time.

You collected 120 gold pieces.

Inventory:

Hand Weapons
 a - a +2 hand axe (weapon)
Missiles
 i - 4 tomahawks (quivered)
 m - 5 tomahawks of returning
Armour
 e - the +3 leather armour of Oczomemm (worn) {rCorr Int-4 Dex+5}
   (You found it on level 2 of the Abyss)

   It affects your intelligence (-4).
   It affects your dexterity (+5).
   It protects you from acid and corrosion.
Wands
 d - a wand of flame (6)
Scrolls
 b - a scroll of noise {unknown}
Potions
 f - a potion of curing {unknown}
 g - a potion of brilliance {unknown}
 h - a potion of degeneration {unknown}
 k - 2 potions of lignification {unknown}
 l - 2 potions of might {unknown}
Comestibles
 c - 3 rations
 j - 2 chunks of flesh


   Skills:
 + Level 3.4 Fighting
 + Level 2.2 Axes
 * Level 2.1 Armour
 + Level 1.0 Dodging
 * Level 3.2 Invocations


You had 3 spell levels left.
You didn't know any spells.

Dungeon Overview and Level Annotations

Branches:
Dungeon (2/15)

Altars:

Annotations:
D:2 Natasha


Innate Abilities, Weirdness & Mutations

You have hooves in place of feet.
Armour fits poorly on your strangely shaped body.
You cover ground very quickly.
You have extremely tough skin. (AC +3)


Message History

Things that are here:
a dagger; a short sword of venom; a stone Unknown command.
You hit the dart slug.
The dart slug is severely wounded.
You feel sick.
The dart slug bites you but does no damage.
You slash the dart slug!
You kill the dart slug!
Lugonu accepts your kill.
You can now bend space around yourself.
You feel sick.
Natasha, Servant of Life and Death comes into view.
You feel sick.
You feel sick.
Natasha mumbles some strange words.
You feel sick.
The white imp shouts, "Take thy face hence, thou simpering onion-eyed whip-jack!"
You hear a shout!
Natasha zaps a wand.
The puff of flame hits you!
You die...

#.(########.# #.# #..#
#.#####.# #..# ##.......#
## #..###...........## #.#
..........####.#.######.#.#
#.####.#...........(.....#
#.# .####.....####...# #.#
#.........##.## ..#
##..@.>##.# ?# ... #....)#
# # ### #.#.#.# #.#.#.#
#.#..(# ......# ##...?..
#.5h.... #......##


You could see Natasha.

Vanquished Creatures
  Natasha (D:2)
  An adder (D:2)
  2 worms (D:2)
  3 dart slugs
  6 bats
  A giant cockroach (D:1)
  7 goblins
  3 hobgoblins
  6 kobolds
  A ball python (D:1)
  4 frilled lizards
  3 rats (D:1)
38 creatures vanquished.

Notes
Turn   | Place    | Note
-------+----------+-------------------------------------------
     0 | Abyss:1  | Gargoyl the Centaur Abyssal Knight began the quest for the Orb.
     0 | Abyss:1  | Reached XP level 1. HP: 19/19 MP: 2/2
     0 | Abyss:1  | Found a corrupted altar of Lugonu.
     6 | Abyss:1  | Found a corrupted altar of Lugonu.
   131 | Abyss:1  | Found a corrupted altar of Lugonu.
   132 | Abyss:1  | Found a corrupted altar of Lugonu.
   142 | Abyss:1  | Noticed a small abomination
   216 | Abyss:2  | Noticed a large abomination
   251 | Abyss:2  | Noticed a rakshasa
   257 | Abyss:2  | Noticed an orange demon
   268 | Abyss:2  | Found a corrupted altar of Lugonu.
   293 | Abyss:2  | Noticed a smoke demon
   299 | Abyss:2  | Got a jewelled leather armour
   300 | D:1      | Escaped the Abyss
   311 | D:1      | Identified the +3 leather armour of Oczomemm {rCorr Int-4 Dex+5} (You found it on level 2 of the Abyss)
   746 | D:1      | Reached XP level 2. HP: 26/26 MP: 3/3
   773 | D:1      | Reached * piety under Lugonu
  1172 | D:1      | Reached XP level 3. HP: 23/31 MP: 4/4
  1469 | D:2      | Noticed Natasha
  1476 | D:2      | Killed Natasha
  1671 | D:2      | Reached XP level 4. HP: 20/38 MP: 6/6
  1864 | D:2      | Reached skill level 1 in Dodging
  1945 | D:2      | Reached ** piety under Lugonu
  1946 | D:2      | Noticed Natasha
  1949 | D:2      | Killed from afar by Natasha

Skill      XL: |  1  2  3  4 |
---------------+-------------+-----
Axes           | 2 |  2.2
Armour         | 2 |  2.1
Invocations    | 3 |  3.2
Dodging        | 1 |  1.0
Fighting       | |  3.4

Action                   |  1- 3 |  4- 6 || total
-------------------------+-------+-------++-------
Melee: Hand axe          |    92 |    10 ||   102
       Kick              |    19 |     3 ||    22
Throw: Tomahawk          |     4 |       ||     4
Invok: Depart the Abyss  |     1 |       ||     1
Evoke: Wand              |     1 |       ||     1
  Use: Potion            |     1 |       ||     1
       Scroll            |     1 |       ||     1
  Eat: Chunk             |     1 |     1 ||     2
Armor: Leather armour    |    44 |    11 ||    55
Dodge: Dodged            |    51 |     7 ||    58
